Map: Kairos Junction LE

Players

zergerburger

  • Race: Terran Terran
  • League: Diamond
  • Spawn Location: 11:00

SaintSnowmad - Winner!

  • Race: Protoss Protoss
  • League: Diamond
  • Spawn Location: 5:00

VOD

Have the link to the VOD?

Description

Time

  • Played on: June 5, 2019, 3:07 p.m.
  • Length: 23:27
Show
View Real Time Build Order
Export as new Build Order

zergerburger Terran 

Build Orders: Gas First Reaper Expand, Mech 

Get SALT Encoding   

  12  0:01  SCV  
  13  0:13  SCV  
  14  0:18  Supply Depot  
  14  0:25  SCV  
  15  0:29  Refinery  
  15  0:39  SCV  
  16  0:45  Barracks  
  16  0:52  SCV  
  17  1:04  SCV  
  18  1:17  SCV  
  19  1:32  Reaper  
  20  1:37  Command Center  
  20  1:40  SCV  
  21  1:52  Orbital Command  
  22  2:22  SCV  
  22  2:24  Factory, Refinery  
  22  2:31  Supply Depot  
  22  2:35  SCV  
  23  2:38  Refinery  
  23  2:53  SCV  
  24  2:59  Orbital Command  
  24  3:05  SCV  
  25  3:06  Barracks Reactor  
  25  3:07  Starport  
  25  3:08  Factory Tech Lab  
  25  3:17  SCV  
  26  3:29  Siege Tank, SCV  
  26  3:30  Bunker  
  26  3:31  SCV  
  31  3:41  SCV  
  32  3:53  SCV  
  33  3:57  Starport Tech Lab  
  33  3:58  Marine x2  
  33  3:59  Fusion Core  
  35  4:04  SCV  
  35  4:07  SCV  
  35  4:09  Refinery  
  37  4:11  Supply Depot  
  37  4:15  Marine  
  37  4:16  SCV  
  39  4:19  SCV  
  40  4:31  SCV  
  40  4:46  Battlecruiser  
  40  4:47  Weapon Refit  
  46  4:53  SCV  
  46  4:55  SCV  
  48  5:04  Siege Tank, Command Center  
  48  5:05  SCV  
  52  5:08  Supply Depot  
  52  5:09  SCV  
  53  5:14  Supply Depot  
  53  5:21  Marine  
  54  5:29  Marine, Supply Depot  
  55  5:44  Siege Tank  
  55  5:48  Marine  
  55  5:49  Marine  
  60  5:50  Battlecruiser  
  60  5:54  Armory  
  60  5:55  SCV x2  
  68  6:00  Armory  
  68  6:07  SCV x2  
  70  6:16  Siege Tank, Factory  
  73  6:19  SCV x2  
  73  6:21  Orbital Command  
  75  6:31  SCV  
  76  6:55  SCV x2  
  76  6:58  Battlecruiser  
  76  7:01  Orbital Command  
  84  7:02  Terran Vehicle Weapons Level 1  
  84  7:03  Factory, Terran Vehicle And Ship Armor Level 1  
  84  7:10  Factory Tech Lab  
  84  7:11  SCV x2  
  84  7:14  Marine, Supply Depot  
  84  7:15  Marine  
  88  7:23  SCV  
  88  7:24  SCV  
  88  7:29  SCV  
  91  7:35  SCV  
  91  7:36  SCV  
  93  7:41  SCV  
  94  7:47  SCV  
  94  7:48  SCV  
  94  7:49  Factory Tech Lab  
  96  7:53  SCV  
  96  7:54  Refinery  
  96  7:56  Refinery  
  97  7:59  SCV  
  97  8:00  Siege Tank, SCV  
  95  8:12  SCV x2  
  100  8:13  SCV  
  101  8:29  Command Center  
  101  8:30  SCV x2, Battlecruiser  
  101  8:31  Starport  
  109  8:34  SCV  
  109  8:38  Factory  
  104  8:42  SCV x2  
  79  9:51  SCV  
  77  9:56  Cyclone x2  
  83  10:04  SCV x3  
  86  10:08  Raven  
  86  10:10  Supply Depot, Terran Vehicle Weapons Level 2  
  86  10:13  Terran Vehicle And Ship Armor Level 2, Starport Tech Lab  
  88  10:16  SCV  
  88  10:17  Mag-Field Accelerator  
  88  10:18  Factory Tech Lab  
  88  10:20  SCV x2  
  91  10:28  SCV  
  92  10:32  SCV x2  
  100  10:35  Battlecruiser  
  100  10:40  SCV  
  100  10:44  SCV x2  
  99  10:51  Battlecruiser  
  99  10:52  SCV  
  99  10:53  Orbital Command  
  99  10:56  SCV x2  
  108  11:04  SCV  
  108  11:06  Siege Tank, Engineering Bay  
  108  11:08  SCV x2  
  114  11:16  Refinery, SCV  
  115  11:20  SCV x2  
  115  11:23  Siege Tank, Refinery  
  120  11:28  SCV, Supply Depot  
  120  11:30  Supply Depot  
  120  11:32  SCV x2  
  123  11:35  Missile Turret  
  123  11:37  Missile Turret  
  123  11:39  Missile Turret  
  123  11:40  SCV  
  123  11:41  Battlecruiser  
  123  11:43  Missile Turret  
  130  11:53  Siege Tank  
  130  11:54  Siege Tank  
  88  12:40  Siege Tank x2, Widow Mine  
  95  12:54  SCV x2  
  95  12:55  SCV  
  86  13:08  SCV x2  
  80  13:15  SCV x2  
  80  13:20  SCV x2  
  80  13:25  Battlecruiser x2  
  94  13:27  SCV x2  
  94  13:29  Refinery  
  94  13:31  Missile Turret  
  94  13:32  SCV x2  
  98  13:38  Siege Tank  
  98  13:39  SCV  
  98  13:40  SCV  
  103  13:44  SCV x2  
  105  13:51  SCV  
  105  13:52  SCV  
  105  13:53  Refinery  
  105  13:54  Siege Tank  
  105  13:55  Siege Tank  
  113  13:56  SCV x2  
  115  14:03  SCV  
  115  14:04  SCV  
  115  14:05  Missile Turret  
  115  14:08  SCV  
  115  14:09  SCV  
  119  14:10  Siege Tank  
  119  14:16  SCV x2  
  124  14:20  SCV  
  124  14:21  SCV  
  126  14:27  Siege Tank, Terran Vehicle Weapons Level 3  
  126  14:28  SCV x2  
  134  14:33  SCV x2  
  136  14:40  SCV x2  
  136  14:45  Siege Tank, SCV x2  
  143  14:52  SCV  
  144  14:57  Battlecruiser  
  144  14:59  SCV  
  148  15:06  SCV x3, Supply Depot  
  151  15:08  Supply Depot  
  151  15:09  Supply Depot  
  151  15:18  Battlecruiser  
  151  15:20  Siege Tank x2  
  163  15:28  Hellion  
  165  15:30  Supply Depot  
  165  15:48  SCV x3  
  165  15:49  Hellion  
  167  15:52  Hellion x2  
  156  16:11  Hellion  
  150  16:13  Siege Tank x2  
  134  16:18  Orbital Command  
  91  16:28  Battlecruiser x2  
  94  16:33  SCV x2  
  94  16:45  SCV x2  
  94  16:57  SCV x2  
  94  17:06  Refinery x2  
  94  17:09  SCV x2  
  96  17:21  SCV  
  88  17:32  Siege Tank  
  91  18:06  Siege Tank  
  91  18:07  SCV x3  
  97  18:44  SCV x2  
  99  18:51  Battlecruiser  
  105  19:23  Viking  
  107  19:24  SCV x3  
  82  19:47  SCV x2  
  82  19:48  SCV  
  82  19:50  Hellion x3  
  91  19:56  Barracks x2  
  91  20:06  SCV x2  
  84  20:20  SCV x2  
  86  20:26  Hellion x3  
  86  20:28  Hellion  
  91  20:37  Battlecruiser  
  97  20:47  Widow Mine  
  99  20:55  Orbital Command  
  99  20:56  Battlecruiser  
  105  21:02  Factory Reactor  
  97  21:14  Hellion  
  97  21:26  SCV  
  97  21:27  SCV x2  
  100  21:38  SCV  
  99  21:42  Refinery  
  71  22:32  Siege Tank  
  71  22:34  SCV  
  81  22:53  Siege Tank  
  84  23:01  SCV x2  
  87  23:09  Refinery  
Show
View Real Time Build Order
Export as new Build Order

SaintSnowmad Protoss - Winner!

Build Orders: 1 Gate Expand 

Get SALT Encoding   

  12  0:01  Probe  
  13  0:13  Probe  
  14  0:18  Pylon  
  14  0:34  Probe  
  15  0:38  Gateway  
  15  0:44  Probe  
  16  0:52  Probe, Assimilator  
  17  1:02  Probe  
  18  1:14  Probe  
  19  1:25  Cybernetics Core  
  19  1:26  Probe  
  20  1:42  Nexus  
  20  1:48  Probe, Assimilator  
  21  1:56  Pylon  
  21  2:02  Adept  
  21  2:05  Warp Gate  
  22  2:10  Probe  
  23  2:27  Probe  
  24  2:40  Pylon  
  24  2:49  Probe  
  25  2:58  Probe  
  25  3:00  Probe, Robotics Facility  
  27  3:06  Probe, Gateway  
  27  3:08  Probe  
  29  3:15  Probe  
  29  3:18  Probe  
  30  3:23  Pylon  
  31  3:27  Probe x2, Stalker  
  35  3:35  Probe x2  
  37  3:45  Probe  
  39  3:48  Observer  
  39  3:55  Probe  
  40  3:57  Probe  
  41  4:04  Assimilator  
  41  4:07  Assimilator  
  41  4:09  Sentry  
  43  4:13  Probe x2  
  45  4:27  Zealot  
  47  4:32  Pylon  
  47  4:47  Probe x2  
  47  4:52  Immortal, Pylon, Zealot  
  53  4:53  Zealot  
  53  4:57  Gateway  
  57  5:01  Probe x2, Forge  
  57  5:03  Pylon  
  59  5:10  Gateway, Forge  
  59  5:13  Probe, Twilight Council  
  60  5:20  Stalker x2  
  64  5:23  Probe  
  65  5:29  Protoss Ground Armor Level 1  
  65  5:33  Observer  
  66  5:44  Protoss Ground Weapons Level 1  
  66  5:54  Observer  
  66  5:55  Blink  
  67  5:58  Gateway  
  67  5:59  Gateway  
  67  6:01  Pylon  
  67  6:03  Pylon  
  67  6:17  Stalker  
  67  6:18  Stalker, Zealot  
  71  6:19  Zealot  
  71  6:23  Observer  
  71  6:25  Nexus  
  76  6:26  Pylon  
  75  6:42  Stalker x3  
  77  6:48  Shield Battery  
  75  7:07  Photon Cannon  
  75  7:10  Photon Cannon, Nexus, Shield Battery  
  75  7:12  Pylon  
  75  7:13  Photon Cannon  
  75  7:14  Pylon  
  75  7:15  Stalker x3  
  81  7:16  Photon Cannon  
  81  7:18  Pylon  
  81  7:24  Dark Shrine  
  81  7:34  Probe  
  82  7:40  Photon Cannon  
  82  7:41  Shield Battery  
  82  7:43  Protoss Ground Armor Level 2  
  82  7:45  Photon Cannon, Probe  
  82  7:46  Probe  
  84  8:00  Protoss Ground Weapons Level 2  
  68  8:07  Probe x2  
  68  8:09  Stalker x2  
  64  8:14  Stalker  
  64  8:15  Probe  
  64  8:19  Probe  
  68  8:23  Probe  
  68  8:31  Probe  
  68  8:32  Photon Cannon  
  68  8:34  Shield Battery  
  70  8:38  Dark Templar  
  70  8:39  Dark Templar x2  
  76  8:43  Probe  
  76  8:59  Stalker x2  
  76  9:00  Dark Templar  
  79  9:13  Dark Templar  
  79  9:15  Probe x2  
  79  9:16  Probe  
  79  9:21  Dark Templar  
  81  9:36  Probe x2  
  81  9:40  Assimilator  
  81  9:41  Charge  
  81  9:43  Immortal, Assimilator  
  85  9:48  Probe  
  84  10:00  Zealot x2  
  84  10:01  Stalker x4  
  94  10:18  Nexus  
  94  10:19  Pylon  
  94  10:23  Pylon  
  94  10:26  Stalker, Zealot x2  
  94  10:27  Stalker x2, Zealot  
  106  10:29  Warp Prism  
  108  10:44  Protoss Ground Weapons Level 3  
  106  11:09  Pylon  
  106  11:12  Shield Battery  
  106  11:15  Photon Cannon  
  106  11:17  Photon Cannon  
  106  11:18  Photon Cannon  
  106  11:20  Gateway  
  106  11:24  Gateway, Templar Archives  
  106  11:26  Pylon  
  106  11:27  Stalker  
  106  11:28  Stalker x2  
  106  11:30  Zealot x2  
  116  11:39  Protoss Ground Armor Level 3  
  116  11:44  Dark Templar  
  104  12:16  Stalker x4  
  95  12:30  Stalker x2, Zealot  
  95  12:31  Dark Templar  
  93  12:49  Dark Templar  
  93  12:50  Stalker x4  
  83  13:05  Probe  
  83  13:06  Probe x3  
  83  13:09  Stalker  
  83  13:10  Stalker  
  77  13:14  Psionic Storm  
  77  13:18  Probe x4, Observer  
  73  13:23  Stalker x2  
  73  13:24  Stalker x4  
  85  13:30  Probe x4  
  85  13:31  Assimilator  
  85  13:33  Assimilator  
  89  13:42  Probe  
  90  13:50  Protoss Shields Level 1  
  90  13:54  Stalker  
  90  13:55  Stalker  
  94  13:56  Zealot x5, Observer  
  94  13:57  Stargate, Zealot  
  94  13:59  Stargate, Pylon  
  107  14:25  Zealot x4  
  107  14:26  Stalker x4  
  123  14:47  Gateway x2  
  123  14:49  Fleet Beacon  
  123  14:50  Pylon  
  123  14:51  Void Ray  
  123  14:52  Pylon, Void Ray  
  131  14:53  Gateway  
  131  14:54  Gateway  
  131  14:55  High Templar x3  
  131  14:56  High Templar x3  
  131  14:59  Stalker x2  
  147  15:26  Nexus  
  147  15:27  Pylon  
  147  15:28  Dark Templar x2  
  147  15:29  Pylon  
  147  15:30  Dark Templar  
  147  15:31  Zealot x4  
  147  15:32  Zealot  
  160  15:57  Void Ray x2  
  161  16:11  Nexus  
  161  16:14  Pylon  
  161  16:15  Pylon  
  139  16:20  Zealot x2  
  139  16:21  Zealot, Dark Templar x3  
  139  16:22  Dark Templar x2  
  115  16:52  Nexus  
  115  16:59  Void Ray  
  115  17:01  Assimilator  
  119  17:05  Assimilator  
  115  17:10  Shield Battery  
  105  17:25  Stalker, Protoss Air Weapons Level 1  
  105  17:26  Stalker, Zealot x3  
  105  17:27  Stalker x2  
  111  17:35  Void Ray  
  108  17:39  Stalker  
  102  17:57  Stalker  
  102  17:58  Stalker x4  
  106  17:59  Stalker  
  108  18:07  Probe  
  109  18:15  Probe x2  
  109  18:16  Probe  
  108  18:25  Tempest  
  108  18:26  Stalker  
  109  18:27  Stalker x2  
  99  18:41  Tempest  
  99  18:46  Probe x3  
  105  19:03  Zealot x5  
  105  19:04  Zealot x4  
  121  19:11  Zealot  
  116  19:20  Tempest  
  115  19:30  Tempest  
  105  19:32  Stalker x2  
  99  19:43  Probe x5  
  99  19:44  Probe  
  102  19:51  Probe  
  102  19:52  Probe  
  102  19:55  Probe  
  105  20:05  Tempest  
  110  20:10  Dark Templar x2  
  110  20:15  Assimilator  
  104  20:23  Assimilator  
  104  20:28  Assimilator  
  104  20:30  Photon Cannon  
  104  20:34  Pylon  
  104  20:37  Tempest  
  109  20:50  Stalker x2  
  109  20:53  Probe x2  
  109  20:54  Pylon  
  115  21:03  Probe x2  
  117  21:05  Probe  
  117  21:06  Pylon  
  117  21:07  Tempest  
  117  21:08  Pylon  
  117  21:09  Stalker x2  
  117  21:10  Stalker  
  127  21:11  High Templar x2  
  127  21:12  High Templar x2  
  127  21:13  High Templar  
  127  21:15  High Templar  
  127  21:16  Archon  
  137  21:19  Archon x2  
  135  21:36  Stalker  
  135  21:37  Zealot x3  
  143  21:41  Gateway, Shield Battery  
  143  21:42  Photon Cannon  
  143  21:45  Shield Battery  
  134  21:51  High Templar  
  134  21:52  High Templar  
  134  21:53  Zealot x2  
  139  22:00  Stalker, Zealot  
  134  22:10  Stalker  
  134  22:11  Stalker x2  
  124  22:24  Zealot  
  124  22:25  Zealot x2  
  124  22:26  Probe  
  131  22:33  High Templar x3  
  131  22:36  High Templar  
  139  22:38  Probe  
  139  22:40  Archon x2  
  144  23:05  Stalker x2  
  144  23:06  Zealot  
Tags
 
Add a new tag
Caveats
  • Supply blocks, unpowered buildings, or Contaminate may cause inaccurate times.
  • Supply counts are checked every 10 seconds.